 Dungeon Crawl Stone Soup version 0.22-a0-348-gd16d1391c7 (webtiles) character file.

403 ohados the Changer (level 6, -1/38 HPs)
             Began as an Octopode Transmuter on Apr 7, 2018.
             Killed from afar by an orc wizard (4 damage)
             ... with a magic dart
             ... on level 4 of the Dungeon on Apr 9, 2018.
             The game lasted 00:09:59 (4863 turns).

ohados the Changer (Octopode Transmuter)            Turns: 4863, Time: 00:09:59

Health: -1/38      AC:  1    Str: 10    XL:     6   Next: 86%
Magic:  7/10       EV: 13    Int: 17    God:
Gold:   135        SH:  0    Dex: 12    Spells: 1/11 levels left

rFire    . . .     SeeInvis .     - Unarmed
rCold    . . .     Gourm    .   (no shield)
rNeg     . . .     Faith    .   (helmet restricted)
rPois    .         Spirit   .   (no amulet)
rElec    .         Reflect  .   (no ring)
rCorr    .         Harm     .   (no ring)
MR       .....                  (no ring)
Stlth    +++.......             (no ring)
HPRegen  0.12/turn              (no ring)
MPRegen  0.12/turn              (no ring)
                                (no ring)
                                (no ring)

@: no status effects
A: almost no armour, stealthy swim, amphibious, 8 rings, constrict 8, camouflage
1, gelatinous body 1
a: no special abilities


You were on level 4 of the Dungeon.
You were not hungry.

You visited 1 branch of the dungeon, and saw 4 of its levels.

You collected 135 gold pieces.

Inventory:

Missiles
 a - 3 arrows
 q - 7 bolts
Jewellery
 m - an uncursed ring of fire
 p - an uncursed ring of see invisible {unknown}
Scrolls
 b - 3 scrolls of teleportation {unknown}
 d - 4 scrolls of identify {unknown}
 g - 2 scrolls of remove curse {unknown}
 h - a scroll of amnesia {unknown}
 r - a scroll of magic mapping {unknown}
Potions
 e - 2 potions of ambrosia {unknown}
 f - a potion of curing {unknown}
 i - a potion of lignification {unknown}
 j - a potion of invisibility {unknown}
 k - a potion of haste {unknown}
 l - a potion of flight {unknown}
 n - a potion of agility
 o - a potion of cancellation {unknown}
Comestibles
 c - 2 rations
 s - 2 chunks of flesh


   Skills:
 - Level 1.0 Fighting
 - Level 2.0 Dodging
 - Level 1.0 Stealth
 - Level 3.0 Unarmed Combat
 - Level 3.3 Spellcasting
 - Level 5.2 Transmutations
 + Level 3.2 Ice Magic


You had one spell level left.
You knew the following spells:

 Your Spells              Type           Power        Failure   Level  Hunger
a - Beastly Appendage     Tmut           ###...       1%          1    None
b - Sticks to Snakes      Tmut           ###.....     3%          2    ##.....
c - Spider Form           Tmut/Pois      ##........   17%         3    ###....
d - Ice Form              Ice/Tmut       ###.....     28%         4    ####...


Dungeon Overview and Level Annotations

Branches:
Dungeon (4/15)
 Temple: D:4-7

Altars:
Sif Muna


Innate Abilities, Weirdness & Mutations

You cannot wear most types of armour.
You are very stealthy in the water. (Stealth+)
You are amphibious.
You can wear up to eight rings at the same time.
You can use your tentacles to constrict eight enemies at once.
Your skin changes colour to match your surroundings (Stealth+).
Your rubbery body absorbs attacks. (AC +1, EV +1)


Message History

A puff of flame appears from out of thin air!
The puff of flame misses your ball python.
The puff of flame hits you!
You see here a tomahawk.
The orc wizard casts a spell at you. The magic dart hits your ball python.
Your ball python dies!
A puff of flame appears from out of thin air!
The puff of flame hits you!
* * * LOW HITPOINT WARNING * * *
The orc wizard gestures wildly while chanting.
The orc wizard blinks!
You see here a club.
Your transformation has ended.
There is a stone staircase leading up here.
The orc throws a tomahawk.
The tomahawk hits you.
* * * LOW HITPOINT WARNING * * *
A magic dart appears from out of thin air!
The magic dart hits you!
You die...

#...# ####...#
...##.############
####...........#@..##
....................##
................>....#
##.##....o...........#
##...................#
.....[.##{o.........##
.....#..)......#...##
o{.o...#..##########
......##.##########


You could see 2 orcs.

Vanquished Creatures
  2 orc priests
  Terence (D:2)
  2 orc wizards
  Natasha (thrice) (D:2)
  8 adders
  A worm (D:2)
  2 dart slugs (D:1)
  A leopard gecko (D:1)
  12 orcs
  3 ball pythons
  4 giant cockroaches
  6 goblins
  10 hobgoblins
  2 jackals (D:2)
  3 quokkas
  6 bats
  5 frilled lizards
  9 kobolds
  A quokka skeleton (D:4)
  10 rats
91 creatures vanquished.

Vanquished Creatures (collateral kills)
  2 adders (D:2)
  A dart slug (D:2)
  A hobgoblin (D:2)
  A kobold (D:2)
5 creatures vanquished.

Grand Total: 96 creatures vanquished

Notes
Turn   | Place    | Note
-------+----------+-------------------------------------------
     0 | D:1      | ohados the Octopode Transmuter began the quest for the Orb.
     0 | D:1      | Reached XP level 1. HP: 13/13 MP: 3/3
   232 | D:1      | Reached skill level 1 in Stealth
   332 | D:1      | Reached XP level 2. HP: 18/18 MP: 3/5
   621 | D:1      | Reached skill level 3 in Transmutations
   628 | D:1      | Learned a level 2 spell: Sticks to Snakes
   834 | D:1      | Reached XP level 3. HP: 23/23 MP: 6/6
  1165 | D:2      | Found a deep blue altar of Sif Muna.
  1435 | D:2      | Learned a level 3 spell: Spider Form
  1459 | D:2      | Reached skill level 4 in Transmutations
  1459 | D:2      | Reached XP level 4. HP: 24/28 MP: 3/7
  1542 | D:2      | Noticed Terence
  1552 | D:2      | Killed Terence
  1951 | D:2      | Noticed Natasha
  1982 | D:2      | Killed Natasha
  1982 | D:2      | Reached skill level 5 in Transmutations
  1982 | D:2      | Reached XP level 5. HP: 25/33 MP: 3/8
  2765 | D:2      | Noticed Natasha
  2776 | D:2      | Killed Natasha
  2890 | D:2      | HP: 1/33 [orc priest/dagger (5)]
  2959 | D:2      | Noticed Natasha
  3200 | D:2      | Killed Natasha
  3200 | D:2      | Reached XP level 6. HP: 12/38 MP: 1/10
  3413 | D:2      | Learned a level 4 spell: Ice Form
  3440 | D:2      | Reached skill level 1 in Ice Magic
  4863 | D:4      | Killed from afar by an orc wizard

Vault maps used:
D:1:      dpeg_cavernosity, corexii_leaking_fountain
D:2:      lemuel_round_altar, minmay_cupped, uniq_terence, uniq_natasha
D:3:      first_ration
D:4:      minmay_temple_entry_glass

Skill      XL: |  1  2  3  4  5  6 |
---------------+-------------------+-----
Stealth        | 1 |  1.0
Transmutations | 3 4 5 |  5.2
Spellcasting   | 3 |  3.3
Ice Magic      | 3 |  3.2
Fighting       | |  1.0
Dodging        | |  2.0
Unarmed Combat | |  3.0

Action                   |  1- 3 |  4- 6 || total
-------------------------+-------+-------++-------
Melee: Unarmed           |    76 |   168 ||   244
       Tentacles         |     7 |     9 ||    16
       Constrict         |    18 |    18 ||    36
       Kick              |     6 |    12 ||    18
       Punch             |     1 |     1 ||     2
 Cast: Beastly Appendage |     7 |    18 ||    25
       Sticks to Snakes  |     3 |     5 ||     8
       Spider Form       |       |    15 ||    15
 Abil: End Transformatio |       |     1 ||     1
 Stab: Sleeping          |    10 |     5 ||    15
  Eat: Chunk             |     1 |     9 ||    10
       Ration            |       |     2 ||     2
Armor: Skin              |     6 |     6 ||    12
Dodge: Dodged            |    49 |    91 ||   140

Table legend:
 A = Spawn XP
 B = Non-spawn XP
 C = Spawn XP percentage of total XP
 D = Spawn monster count
 E = Non-spawn monster count
 F = Spawn count percentage of total count
 G = Total turns spent on level
                    A         B        C        D         E        F      G
               +---------+---------+-------+---------+---------+-------+---------
         Total |       0 |     577 |   0.0 |       0 |      96 |   0.0 |  4863
               +---------+---------+-------+---------+---------+-------+---------
           D:1 |       0 |      48 |   0.0 |       0 |      29 |   0.0 |  1150
           D:2 |       0 |     330 |   0.0 |       0 |      31 |   0.0 |  2546
           D:3 |       0 |     142 |   0.0 |       0 |      32 |   0.0 |  1063
           D:4 |       0 |      57 |   0.0 |       0 |       4 |   0.0 |   104
               +---------+---------+-------+---------+---------+-------+---------
